 Dungeon Crawl Stone Soup version 0.16.0-8-gd9ae3a8 (webtiles) character file.

1934 draider the Fighter (level 9, -1/80 (82) HPs)
             Began as a Hill Orc Fighter on Mar 16, 2015.
             Was a Priest of Okawaru.
             Killed from afar by Antunes' ghost (30 damage)
             ... with a bolt of negative energy
             ... on level 6 of the Dungeon.
             The game lasted 01:14:36 (7105 turns).

draider the Fighter (Hill Orc Fighter)              Turns: 7105, Time: 01:14:36

HP:   -1/80 (82)    AC: 15    Str: 21    XL:     9   Next: 17%
MP:   9/9           EV:  5    Int:  8    God:    Okawaru [***...]
Gold: 403           SH: 10    Dex: 11    Spells: 0 memorised, 8 levels left

rFire  . . .     SeeInvis .     a - +0 flail
rCold  . . .     Clarity  .     h - +0 chain mail
rNeg   . . .     SustAb   .     c - +0 shield
rPois  +         Gourm    .     j - +0 helmet
rElec  .         Spirit   .     S - +2 cloak {rPois}
rCorr  .         Warding  .     (no gloves)
rMut   .         Stasis   .     C - +1 pair of boots
MR     .....                    (no amulet)
Stlth  ..........               (no ring)
                                (no ring)

@: heavily drained, not resistant to hostile enchantments, extremely unstealthy
A: no striking features
a: Heroism, Renounce Religion


You were on level 6 of the Dungeon.
You worshipped Okawaru.
Okawaru was most pleased with you.
You were not hungry.

You visited 1 branch of the dungeon, and saw 6 of its levels.

You collected 403 gold pieces.

Inventory:

Hand weapons
 a - a +0 flail (weapon)
 w - a +0 mace
 G - a +1 scythe of flaming
 R - a +2 quarterstaff of chaos
 T - a +0 shortbow
 Z - a +0 whip of electrocution
Missiles
 f - 76 stones (quivered)
 l - a throwing net
 n - 82 arrows
 q - 4 needles of sleeping
 r - 18 arrows of dispersal
 W - 6 needles of confusion
Armour
 c - a +0 shield (worn)
 h - a +0 chain mail (worn)
 j - a +0 helmet (worn)
 C - a +1 pair of boots (worn)
 L - a +0 helmet
 S - a +2 cloak of poison resistance (worn)
 V - a +0 shield
Jewellery
 J - an uncursed amulet of inaccuracy
Scrolls
 m - 3 scrolls of remove curse
 y - a scroll of recharging {unknown}
 B - a scroll of teleportation {unknown}
 D - 2 scrolls of random uselessness {unknown}
 E - a scroll of enchant weapon {unknown}
 F - 2 scrolls of fear {unknown}
 H - 4 scrolls of magic mapping
 I - 2 scrolls of enchant armour {unknown}
 K - 3 scrolls of amnesia {unknown}
 P - 2 scrolls of immolation {unknown}
 Q - a scroll of identify {unknown}
 U - 2 scrolls of noise {unknown}
Potions
 b - a potion of magic {unknown}
 e - a potion of might
 g - 5 potions of curing
 i - 2 potions of mutation {unknown}
 k - 2 potions of haste {unknown}
 s - a potion of restore abilities {unknown}
 v - a potion of heal wounds {unknown}
 x - a potion of resistance {unknown}
 z - a potion of cancellation {unknown}
 N - a potion of degeneration {unknown}
 O - a potion of brilliance {unknown}
 X - a potion of berserk rage {unknown}
 Y - a potion of flight {unknown}
Books
 A - a book of Clouds

   Spells                             Type                      Level
   a - Mephitic Cloud                 Conjuration/Poison/Air       3
   b - Conjure Flame                  Conjuration/Fire             3
   c - Poisonous Cloud                Conjuration/Poison/Air       6
   d - Freezing Cloud                 Conjuration/Ice/Air          6
   e - Ring of Flames                 Charms/Fire                  7
Miscellaneous
 o - a plain deck of summoning
Comestibles
 d - a meat ration
 p - a beef jerky
 t - 2 fruits
 u - 3 bread rations
 M - 3 chunks of flesh


   Skills:
 * Level 8.4(5.9) Fighting
 + Level 6.5(4.2) Maces & Flails
 - Level 3.3(1.1) Throwing
 + Level 5.3(3.0) Armour
 - Level 0.1(0.0) Dodging
 + Level 7.3(4.9) Shields


You had 8 spell levels left.
You didn't know any spells.

Dungeon Overview and Level Annotations

Branches:
Dungeon (6/15)
 Temple: D:4-7

Altars:
Nemelex Xobeh
Okawaru
Qazlal
Xom
Zin

Annotations:
D:6 Antunes' ghost, experienced DrAr


Message History

You block Antunes' ghost's attack.
You hit Antunes' ghost but do no damage.
You block Antunes' ghost's attack.
You hit Antunes' ghost but do no damage.
You block Antunes' ghost's attack.
You sock Antunes' ghost!!
Antunes' ghost is moderately damaged.
Antunes' ghost breathes negative energy at you.
The bolt of negative energy hits you!
You feel drained.
You miss Antunes' ghost.
Antunes' ghost is moderately damaged.
Antunes' ghost hits you.
Your chain mail prevents you from hitting Antunes' ghost.
Antunes' ghost is moderately damaged.
Antunes' ghost hits you but does no damage.
You miss Antunes' ghost.
Antunes' ghost is moderately damaged.
Antunes' ghost breathes negative energy at you.
The bolt of negative energy hits you!
You feel drained.
You die...

....................####.......#
##.................## #........#
#................(.# #........#
##.................# ###......#
#.................# ########
##..............###
#.............##
#####..........###
######....@W.### ###)÷.....###
#)÷.......#### #÷...........###
#..............####
#<................#
#..................
#...(...............
#.............##...


You could see Antunes' ghost.

Vanquished Creatures
  The ghost of Ololoev the Conjurer, an experienced OpFE (D:5)
  A sky beast (D:5)
  2 ogres (D:4)
  A necrophage (D:6)
  A phantom (D:5)
  A black bear (D:6)
  2 centaurs (D:5)
  Sigmund (D:3)
  A giant frog (D:4)
  4 crimson imps (D:5)
  2 hounds (D:5)
  Crazy Yiuf (D:3)
  2 centaur skeletons
  A jelly (D:5)
  2 orc priests
  5 worker ants
  A giant frog skeleton (D:6)
  3 iguanas
  2 orc wizards (D:3)
  Ijyb (D:3)
  Terence (D:3)
  Robin (D:3)
  6 adders
  A giant mite (D:3)
  3 worms
  2 oozes
  12 orcs
  2 ball pythons
  5 bats
  2 bat skeletons
  16 goblins
  13 hobgoblins
  12 jackals
  A quokka (D:3)
  6 giant cockroaches
  5 giant geckos
  4 giant newts
  7 kobolds
  8 rats
  5 ballistomycetes (D:3)
147 creatures vanquished.

Vanquished Creatures (others)
  A giant spore (D:3)
1 creature vanquished.

Grand Total: 148 creatures vanquished

Notes
Turn   | Place    | Note
--------------------------------------------------------------
     0 | D:1      | draider, the Hill Orc Fighter, began the quest for the Orb.
     0 | D:1      | Reached XP level 1. HP: 19/19 MP: 1/1
   223 | D:1      | Reached XP level 2. HP: 25/27 MP: 2/2
   347 | D:1      | Found a sparkling altar of Nemelex Xobeh.
   568 | D:1      | Reached skill level 4 in Fighting
   781 | D:1      | Reached XP level 3. HP: 31/33 MP: 3/3
  1741 | D:2      | Found an iron altar of Okawaru.
  1768 | D:2      | Became a worshipper of Warmaster Okawaru
  2049 | D:2      | Reached XP level 4. HP: 32/41 MP: 4/4
  2453 | D:3      | Reached skill level 1 in Throwing
  2553 | D:3      | Noticed Sigmund
  2586 | D:3      | Killed Sigmund
  2586 | D:3      | Reached XP level 5. HP: 4/47 MP: 5/5
  2957 | D:3      | Noticed Terence
  2982 | D:3      | Killed Terence
  3072 | D:3      | Noticed Robin
  3135 | D:2      | Reached skill level 5 in Fighting
  3469 | D:3      | Reached XP level 6. HP: 40/56 MP: 6/6
  3567 | D:3      | Killed Robin
  3988 | D:3      | Noticed Ijyb
  4007 | D:3      | Killed Ijyb
  4007 | D:3      | Reached skill level 5 in Shields
  4025 | D:3      | Noticed an angel
  4026 | D:3      | Found a shimmering altar of Xom.
  4027 | D:3      | Found a glowing silver altar of Zin.
  4344 | D:3      | Noticed Crazy Yiuf
  4351 | D:3      | Killed Crazy Yiuf
  4351 | D:3      | Acquired Okawaru's first power
  4456 | D:4      | Reached XP level 7. HP: 61/61 MP: 7/7
  4779 | D:4      | Reached skill level 5 in Maces & Flails
  5226 | D:5      | Entered Level 5 of the Dungeon
  5306 | D:5      | Found a stormy altar of Qazlal.
  5345 | D:5      | Reached skill level 6 in Shields
  5363 | D:5      | Reached XP level 8. HP: 68/70 MP: 8/8
  5807 | D:5      | Noticed Ololoev's ghost (experienced OpFE)
  5826 | D:5      | Killed Ololoev's ghost
  5826 | D:5      | Reached skill level 7 in Fighting
  6131 | D:5      | Reached skill level 5 in Armour
  6516 | D:5      | Reached skill level 8 in Fighting
  6711 | D:6      | Reached XP level 9. HP: 77/81 MP: 9/9
  7089 | D:6      | Noticed Antunes' ghost (experienced DrAr)
  7105 | D:6      | Killed from afar by Antunes' ghost

Action                   |  1- 3 |  4- 6 |  7- 9 || total
-------------------------+-------+-------+-------++-------
Melee: Flail             |   102 |   180 |   213 ||   495
Throw: Stone             |    67 |    88 |    71 ||   226
  Use: Potion            |       |     1 |     2 ||     3
       Scroll            |       |       |     2 ||     2
  Eat: Chunk             |     2 |     7 |     9 ||    18
       Fruit             |     1 |       |       ||     1
       Pizza             |       |     1 |       ||     1
